 Dungeon Crawl Stone Soup version 0.23-a0-487-gc6253629db (webtiles) character file.

38 Napalmbreeze the Chiller (level 3, 0/24 HPs)
             Began as a Barachi Ice Elementalist on Dec 1, 2018.
             Slain by a goblin
             ... wielding a cursed -1 hunting sling
             ... led by Robin
              (2 damage)
             ... on level 2 of the Dungeon.
             The game lasted 00:02:52 (787 turns).

Napalmbreeze the Chiller (Barachi Ice Elementalist)  Turns: 787, Time: 00:02:53

Health: 0/24       AC:  3    Str:  9    XL:     3   Next: 43%
Magic:  7/7        EV: 12    Int: 16    God:
Gold:   10         SH:  0    Dex: 12    Spells: 4/7 levels left

rFire    . . .     SeeInvis .   e - +1 dagger (flame)
rCold    . . .     Gourm    .   (no shield)
rNeg     . . .     Faith    .   a - +0 robe
rPois    .         Spirit   .   (no helmet)
rElec    .         Reflect  .   (no cloak)
rCorr    .         Harm     .   (no gloves)
MR       .....                  j - +0 pair of boots (curse)
Stlth    ++........             (no amulet)
HPRegen  0.08/turn              (no ring)
MPRegen  0.10/turn              (no ring)

@: slow
A: +LOS, swims, slowness 1, strong legs 1
a: Hop


You were on level 2 of the Dungeon.
You were not hungry.

You visited 1 branch of the dungeon, and saw 2 of its levels.

You collected 10 gold pieces.

Inventory:

Hand Weapons
 e - a +1 dagger of flaming (weapon)
Armour
 a - a +0 robe (worn)
 j - a cursed +0 pair of boots (worn)
Scrolls
 b - 2 scrolls of remove curse {unknown}
 f - a scroll of fear {unknown}
 i - a scroll of enchant armour {unknown}
Potions
 d - a potion of curing {unknown}
 h - a potion of brilliance {unknown}
Comestibles
 c - 5 rations
 g - a chunk of flesh


   Skills:
 - Level 2.1 Dodging
 - Level 1.7 Stealth
 + Level 2.8 Spellcasting
 - Level 1.1 Conjurations
 * Level 4.8 Ice Magic


You had 4 spell levels left.
You knew the following spells:

 Your Spells              Type           Power        Failure   Level  Hunger
a - Freeze                Ice            ###.         2%          1    #......
b - Throw Frost           Conj/Ice       ##....       9%          2    ##.....

Your spell library contained the following spells:

 Spells                   Type           Power        Failure   Level  Hunger
 Ozocubu's Armour         Chrm/Ice       ##......     22%         3    ###....
 Throw Icicle             Conj/Ice       ##......     50%         4    #####..
 Summon Ice Beast         Ice/Summ       ##......     56%         4    #####..


Dungeon Overview and Level Annotations

Branches:
Dungeon (2/15)

Altars:

Annotations:
D:1 exclusion: downstairs
D:2 Robin


Innate Abilities, Weirdness & Mutations

Shadows flee at your approach. (+LOS)
You can swim through water.
You cover ground slowly.
You can hop short distances.


Message History

The goblin hits you but does no damage.
You hit the goblin. You burn the goblin.
You kill the goblin!
No target in view!
No target in view!
You climb downwards.
Level annotation: Robin The goblin completely misses you.
The hobgoblin hits you. The hobgoblin hits you with a +0 club.
The goblin hits you with a +0 club. Robin throws the goblin at you!
The goblin closely misses you. The goblin misses you.
There is a stone staircase leading up here.
The quokka closely misses you. The hobgoblin hits you. x2
* * * LOW HITPOINT WARNING * * *
The goblin hits you with a +0 dagger.
* * * LOW HITPOINT WARNING * * *
The hobgoblin closely misses you. The goblin hits you but does no damage.
The quokka barely misses you.
The goblin hits you with a cursed -1 hunting sling.
You die...

#..........#
#..........# ....
#..........# ....
#..........####....
##....>....(......
#.........[......##
#.g..<...g.........
#ggg.............#
#g@gggg....g....(#
#.gr...g.....g<..#
##........#..g...#
##................
#######..........
#..........
###...g...#
#........ #........


You could see Robin, a quokka, 6 hobgoblins and 5 goblins.

Vanquished Creatures
  An ooze (D:1)
  2 dart slugs (D:1)
  6 goblins (D:1)
  3 hobgoblins (D:1)
  2 bats (D:1)
  4 frilled lizards (D:1)
  6 kobolds (D:1)
  8 rats (D:1)
32 creatures vanquished.

Notes
Turn   | Place    | Note
-------+----------+-------------------------------------------
     0 | D:1      | Napalmbreeze the Barachi Ice Elementalist began the quest
                  | for the Orb.
     0 | D:1      | Reached XP level 1. HP: 13/13 MP: 3/3
   142 | D:1      | Reached skill level 4 in Ice Magic
   146 | D:1      | Reached XP level 2. HP: 19/19 MP: 3/5
   474 | D:1      | Reached XP level 3. HP: 18/24 MP: 1/6
   710 | D:2      | Noticed Robin
   775 | D:1      | Learned a level 2 spell: Throw Frost
   787 | D:2      | Slain by a goblin

Vault maps used:
D:1:      mrwooster_arrival_statue_3
D:2:      grunt_temple_overflow_opulence, lightli_temple_of_fire,
          chequers_ecumenical_altar_simple_redux, uniq_robin

Skill      XL: |  1 |
---------------+----+-----
Ice Magic      | 4 |  4.8
Dodging        | |  2.1
Stealth        | |  1.7
Spellcasting   | |  2.8
Conjurations   | |  1.1

Action                   || total
-------------------------++-------
Melee: Dagger            ||    52
       Unarmed           ||     1
 Cast: Freeze            ||    20
 Stab: Sleeping          ||     2
Armor: Robe              ||    12
Dodge: Dodged            ||    35

Table legend:
 A = Non-vault XP
 B = Vault XP
 C = Vault XP percentage of total XP
 D = Non-vault monster count
 E = Vault monster count
 F = Vault count percentage of total count
                 A         B        C        D         E       F
            +---------+---------+-------+---------+---------+-------
      Total |      51 |       4 |   7.3 |      30 |       2 |   6.2
            +---------+---------+-------+---------+---------+-------
        D:1 |      51 |       4 |   7.3 |      30 |       2 |   6.2
            +---------+---------+-------+---------+---------+-------
